Map: Crête de Lerilak

Players

zidar

  • Race: Zerg Zerg
  • League: Silver
  • Spawn Location: 11:00

Amitabha - Winner!

  • Race: Protoss Protoss
  • Spawn Location: 5:00

VOD

Have the link to the VOD?

Description

Time

  • Played on: Jan. 3, 2016, 10:30 a.m.
  • Length: 3:53
Show
View Real Time Build Order
Export as new Build Order

zidar Zerg 

Build Orders: Hatch First 

Get SALT Encoding   

  12  0:01  Drone  
  13  0:12  Overlord  
  13  0:17  Drone  
  14  0:30  Drone x2  
  14  0:34  Drone  
  17  0:58  Hatchery  
  17  1:01  Drone  
  17  1:05  Drone  
  18  1:19  Spawning Pool  
  17  1:39  Extractor  
  16  1:55  Drone  
  16  1:56  Drone x2  
  16  1:59  Hatchery  
  17  2:23  Spine Crawler  
  17  2:26  Spine Crawler  
  15  2:38  Zergling x2  
  15  2:39  Zergling x8  
  20  3:01  Zergling x6  
  21  3:28  Zergling x12  
Show
View Real Time Build Order
Export as new Build Order

Amitabha Protoss - Winner!

Build Orders:  

Get SALT Encoding   

  12  0:01  Probe (Chrono Boost)  
  13  0:11  Probe (Chrono Boost)  
  14  0:20  Pylon  
  14  0:27  Probe (Chrono Boost)  
  15  0:38  Probe (Chrono Boost)  
  15  0:41  Gateway  
  16  0:49  Probe (Chrono Boost)  
  17  0:51  Assimilator  
  17  1:05  Forge  
  17  1:12  Probe (Chrono Boost)  
  18  1:22  Probe (Chrono Boost)  
  19  1:33  Probe (Chrono Boost)  
  20  1:43  Probe (Chrono Boost)  
  20  1:44  Zealot  
  23  1:49  Pylon  
  23  1:51  Pylon  
  23  1:59  Assimilator  
  23  2:07  Probe (Chrono Boost)  
  24  2:09  Photon Cannon  
  24  2:17  Photon Cannon  
  24  2:22  Probe (Chrono Boost)  
  25  2:31  Pylon  
  25  2:39  Cybernetics Core  
  25  2:44  Zealot  
  27  3:00  Photon Cannon  
  27  3:04  Gateway  
  27  3:14  Photon Cannon  
  27  3:16  Probe (Chrono Boost)  
  28  3:26  Probe (Chrono Boost)  
  28  3:37  Probe (Chrono Boost)  
  31  3:46  Pylon  
Tags
 
League
Silver
Matchup
PvZ
Spawn Locations
Cross Positions
Add a new tag
Caveats
  • Supply blocks, unpowered buildings, or Contaminate may cause inaccurate times.
  • Supply counts are checked every 10 seconds.